 Dungeon Crawl Stone Soup version 0.20.0-8-g6b59dc7 (webtiles) character file.

2 straycat the Sneak (level 1, 0/13 HPs)
             Began as a Vampire Wanderer on May 30, 2017.
             Slain by a leopard gecko (2 damage)
             ... on level 1 of the Dungeon.
             The game lasted 00:03:09 (305 turns).

straycat the Sneak (Vampire Wanderer)                Turns: 305, Time: 00:03:10

Health: 0/13       AC:  2    Str: 10    XL:     1   Next: 33%
Magic:  3/4        EV: 11    Int: 15    God:
Gold:   29         SH:  0    Dex: 13    Spells: 4/6 levels left

rFire    . . .     SeeInvis +   e - +0 dagger
rCold    . . .     Gourm    .   (no shield)
rNeg     + . .     Faith    .   d - +0 robe
rPois    .         Spirit   .   (no helmet)
rElec    .         Reflect  .   (no cloak)
rCorr    .         Harm     .   (no gloves)
MR       .....                  (no boots)
Stlth    ++........             (no amulet)
Regen    0.1/turn               (no ring)
MPRegen  0.1/turn               (no ring)

@: infused
A: fangs 3, see invisible, unbreathing
a: no special abilities


You were on level 1 of the Dungeon.
You were not thirsty.

You visited 1 branch of the dungeon, and saw 1 of its levels.

You collected 29 gold pieces.

Inventory:

Hand Weapons
 e - a +0 dagger (weapon)
Armour
 d - a +0 robe (worn)
Potions
 f - 3 potions of blood
Books
 a - a book of Battle

   Spells                             Type                      Level
   a - Infusion                       Charms                       1
   b - Shroud of Golubria             Charms/Translocation         2
   c - Song of Slaying                Charms                       2
   d - Spectral Weapon                Hexes/Charms                 3
   e - Regeneration                   Charms/Necromancy            3
 b - the Incunabulum of Ignition

   Spells                             Type                      Level
   a - Flame Tongue                   Conjuration/Fire             1
   b - Ignite Poison                  Fire/Transmutation/Poison    3
 c - the Catalogue of Bewitchment

   Spells                             Type                      Level
   a - Confusing Touch                Hexes                        1
   b - Confuse                        Hexes                        3


   Skills:
 * Level 0.0 Fighting
 * Level 0.2 Short Blades
 + Level 0.2 Armour
 * Level 0.2 Dodging
 + Level 3.0 Stealth
 - Level 3.0 Spellcasting
   Level 2.1 Conjurations
 - Level 2.1 Charms


You had 4 spell levels left.
You knew the following spells:

 Your Spells              Type           Power        Failure   Level  Hunger
a - Infusion              Chrm           #...         9%          1    #......
b - Confusing Touch       Hex            #.....       21%         1    #......


Dungeon Overview and Level Annotations

Branches:
Dungeon (1/15)

Altars:


Innate Abilities, Weirdness & Mutations

You have razor-sharp teeth.
You have supernaturally acute eyesight. (SInv)
You can survive without breathing.


Message History

Found a stone staircase leading down.
You now have 15 gold pieces.
You are no longer magically infusing your attacks.
Magic restored.
You now have 29 gold pieces (gained 14).
A kobold comes into view.
Found a pair of gloves and 27 arrows.
Found a grey potion.
Found 4 gold pieces.
A leopard gecko comes into view.
The kobold shouts!
The kobold throws a stone.
The stone misses you.
Casting: Infusion
Confirm with . or Enter, or press ? or * to list all spells.
You begin infusing your attacks with magical energy.
The kobold throws a stone.
The stone hits you. The kobold hits you.
You miss the kobold. The leopard gecko bites you. The kobold hits you.
* * * LOW HITPOINT WARNING * * *
The leopard gecko bites you.
You die...

#.#########.######.
#.# #.....$.. #.#
#######.######. #.#
...[.....(..... #.#
#######...####. #.#
# #........ #.# ...
##.$..#### #.#
.#...#.(...# #.#
.......@...# #.#
.#...$K#l#.# #.#
..#.... ...!. #.#
#.##... .#.###
####.###.###.# .#.#
#........# #. .# #
#.##.##..# #. ... #
#.##..###..###
#..........#


You could see a leopard gecko and a kobold.

Vanquished Creatures
  A hobgoblin (D:1)
  A bat (D:1)
  A frilled lizard (D:1)
3 creatures vanquished.

Notes
Turn   | Place    | Note
-------+----------+-------------------------------------------
     0 | D:1      | straycat the Vampire Wanderer began the quest for the Orb.
     0 | D:1      | straycat set off with: a book of Battle, the Incunabulum of Ignition, the Catalogue of Bewitchment, a +0 robe, a +0 dagger, a potion of blood
     0 | D:1      | Reached XP level 1. HP: 13/13 MP: 4/4
     1 | D:1      | Identified the Incunabulum of Ignition
     1 | D:1      | Identified the Catalogue of Bewitchment
     3 | D:1      | Learned a level 1 spell: Infusion
     5 | D:1      | Learned a level 1 spell: Confusing Touch
   305 | D:1      | Slain by a leopard gecko

Action                   || total
-------------------------++-------
Melee: Dagger            ||    14
 Cast: Infusion          ||     3
       Confusing Touch   ||     2
Armor: Robe              ||     4
Dodge: Dodged            ||    12
